 Dungeon Crawl Stone Soup version 0.24.0-1-gfbc8707 (webtiles) character file.

Game seed: 10534154706431722707, levelgen mode: deterministic

525282 Faca the Merfolkian Porcupine (level 26, -9/228 HPs)
             Began as a Merfolk Necromancer on Nov 7, 2019.
             Was the Champion of Okawaru.
             Killed from afar by an acid blob (13 damage)
             ... with an exploding inner flame
             ... created by the Royal Jelly
             ... hexed by the player character
             ... on level 5 of the Pits of Slime.
             The game lasted 02:58:46 (66636 turns).

Faca the Merfolkian Porcupine (MfNe)               Turns: 66636, Time: 02:58:47

Health: -9/228     AC:  6    Str: 30    XL:     26   Next: 3%
Magic:  27/27      EV: 35    Int: 18    God:    Okawaru [******]
Gold:   3092       SH: 32    Dex: 25    Spells: 28/29 levels left

rFire    + + .     SeeInvis +   O - +9 demon trident "Toanafef" {freeze, rPois Str+2 Int+3}
rCold    + + +     Gourm    .   D - +2 large shield
rNeg     . . .     Faith    .   Y - quicksilver dragon scales of the Trout {*Contam +Blink rElec MR+ Slay+2}
rPois    +         Spirit   .   B - +0 helmet {SInv}
rElec    +         Reflect  +   I - +1 cloak {rC+}
rCorr    +         Harm     .   g - +0 pair of gloves {Dex+3}
MR       ++...     Clarity  +   S - +0 pair of boots of Ownoameg {Str+4 Dex+6}
Stlth    +++.......             G - +4 amulet of reflection
HPRegen  0.48/turn              u - ring "Keble" {*Slow rF+ rC+ Str+6 Stlth+}
MPRegen  0.20/turn              Q - ring of resist corrosion

@: resistant, corroded, studying Invocations
A: change form in water, swift swim, stealthy swim, blurry vision 1, clarity,
deterioration 1, low mp 1
}: 2/15 runes: decaying, gossamer
a: Heroism, Finesse, Renounce Religion, Evoke Blink


You were on level 5 of the Pits of Slime.
You worshipped Okawaru.
Okawaru was exalted by your worship.
You were not hungry.

You visited 10 branches of the dungeon, and saw 49 of its levels.
You also visited: Gauntlet and Ice Cave.

You collected 5167 gold pieces.
You spent 2075 gold pieces at shops.

Inventory:

Hand Weapons
 i - the +2 trident of Overwhelming Force {pierce, rPois rC+}
   (Okawaru gifted it to you on level 1 of the Vaults)

   It inflicts extra damage upon your enemies.
   It protects you from cold.
   It protects you from poison.
 O - the +9 demon trident "Toanafef" (weapon) {freeze, rPois Str+2 Int+3}
   (Okawaru gifted it to you on level 6 of the Lair of Beasts)

   It has been specially enchanted to freeze those struck by it, causing extra
   injury to most foes and up to half again as much damage against particularly
   susceptible opponents.
   It can also slow down cold-blooded creatures.
   It affects your strength (+2).
   It affects your intelligence (+3).
   It protects you from poison.
Missiles
 r - 26 silver javelins
 C - 31 boomerangs (quivered)
 T - 3 throwing nets
Armour
 g - a +0 pair of gloves of dexterity (worn)
 v - a +0 cloak of magic resistance
 B - a +0 helmet of see invisible (worn)
 D - a +2 large shield (worn)
 I - a +1 cloak of cold resistance (worn)
 S - the +0 pair of boots of Ownoameg (worn) {Str+4 Dex+6}
   (Okawaru gifted it to you on level 1 of the Lair of Beasts)

   It affects your strength (+4).
   It affects your dexterity (+6).
 Y - the quicksilver dragon scales of the Trout (worn) {*Contam +Blink rElec MR+ Slay+2}
   (You found it on level 6 of the Lair of Beasts)

   It affects your accuracy and damage with ranged weapons and melee attacks
   (+2).
   It insulates you from electricity.
   It affects your resistance to hostile enchantments.
   It lets you blink.
   It causes magical contamination when unequipped.
Jewellery
 u - the ring "Keble" (left hand) {*Slow rF+ rC+ Str+6 Stlth+}
   (You found it on level 4 of the Depths)

   [ring of protection from fire]

   It affects your strength (+6).
   It protects you from fire.
   It protects you from cold.
   It may slow you when you take damage.
   It makes you more stealthy.
 G - a +4 amulet of reflection (around neck)
 M - an uncursed ring of protection from fire
 Q - a ring of resist corrosion (right hand)
 U - the ring of the Queen {+Fly rN+ Str+4 Dex+4}
   (You found it on level 4 of the Depths)

   [ring of flight]

   It affects your strength (+4).
   It affects your dexterity (+4).
   It protects you from negative energy.
   It lets you fly.
 X - an uncursed ring of protection from magic
Wands
 q - a wand of digging (23)
Scrolls
 a - 22 scrolls of teleportation
 f - 26 scrolls of remove curse
 l - 6 scrolls of magic mapping
 n - 9 scrolls of fog
 t - 2 scrolls of holy word
 x - 6 scrolls of fear
 y - 7 scrolls of blinking
 E - 9 scrolls of identify
 F - 6 scrolls of immolation
 K - 8 scrolls of enchant armour
 P - 11 scrolls of enchant weapon
Potions
 b - 4 potions of might
 d - a potion of berserk rage
 e - a potion of resistance
 h - 9 potions of brilliance
 k - 4 potions of magic
 o - 16 potions of curing
 p - 9 potions of lignification
 s - 3 potions of cancellation
 w - 5 potions of agility
 z - 8 potions of ambrosia
 A - a potion of invisibility
 H - 5 potions of mutation
 J - 5 potions of haste
 L - 5 potions of heal wounds
 N - 6 potions of flight
Books
 j - a manual of Invocations
Comestibles
 c - 78 rations


   Skills:
 + Level 23.1 Fighting
 O Level 27 Polearms
 + Level 8.1 Armour
 + Level 25.4 Dodging
 - Level 2.1 Stealth
 + Level 20.6 Shields
 - Level 2.0 Spellcasting
 - Level 3.2 Necromancy
 - Level 10.0 Invocations


You had 28 spell levels left.
You knew the following spells:

 Your Spells              Type           Power        Failure   Level  Hunger
a - Pain                  Necr           ##..         11%         1    #......

Your spell library contained the following spells:

 Spells                   Type           Power        Failure   Level  Hunger
 Animate Skeleton         Necr           N/A          11%         1    #......
 Corpse Rot               Necr           N/A          17%         2    ###....
 Sublimation of Blood     Necr           ##........   17%         2    ###....
 Vampiric Draining        Necr           ##........   32%         3    ###....
 Beastly Appendage        Tmut           #.....       38%         1    #......
 Confusing Touch          Hex            #.....       38%         1    #......
 Corona                   Hex            #......      38%         1    #......
 Infusion                 Chrm           #...         38%         1    #......
 Magic Dart               Conj           #...         38%         1    #......
 Sandblast                Erth           #.....       38%         1    #......
 Sting                    Conj/Pois      #...         38%         1    #......
 Summon Small Mammal      Summ           #...         38%         1    #......
 Ensorcelled Hibernation  Hex/Ice        #.....       54%         2    ###....
 Passwall                 Tmut/Erth      #.......     54%         2    ###....
 Poisonous Vapours        Pois/Air       #.....       54%         2    ###....
 Searing Ray              Conj           #.....       54%         2    ###....
 Shroud of Golubria       Chrm/Tloc      #.....       54%         2    ###....
 Slow                     Hex            #.......     54%         2    ###....
 Song of Slaying          Chrm           #.......     54%         2    ###....
 Sticks to Snakes         Tmut           #.......     54%         2    ###....
 Swiftness                Chrm/Air       #.......     54%         2    ###....
 Regeneration             Chrm/Necr      #.........   54%         3    ###....
 Animate Dead             Necr           N/A          73%         4    #####..
 Confuse                  Hex            #.......     77%         3    ###....
 Conjure Flame            Conj/Fire      #.......     77%         3    ###....
 Dazzling Spray           Conj/Hex       #.....       77%         3    ###....
 Gell's Gravitas          Tloc           #.........   77%         3    ###....
 Inner Flame              Hex/Fire       #.......     77%         3    ###....
 Mephitic Cloud           Conj/Pois/Air  #.......     77%         3    ###....
 Portal Projectile        Hex/Tloc       #.....       77%         3    ###....
 Recall                   Summ/Tloc      N/A          77%         3    ###....
 Spectral Weapon          Hex/Chrm       #.......     77%         3    ###....
 Spider Form              Tmut/Pois      #.........   77%         3    ###....
 Stone Arrow              Conj/Erth      #.....       77%         3    ###....
 Tukima's Dance           Hex            #.......     77%         3    ###....
 Agony                    Necr           ##......     97%         5    ######.
 Dispel Undead            Necr           ##......     97%         5    ######.
 Cause Fear               Hex            #.........   99%         4    #####..
 Force Lance              Conj/Tloc      #.......     99%         4    #####..
 Fulminant Prism          Conj/Hex       #.........   99%         4    #####..
 Ice Form                 Ice/Tmut       #.......     99%         4    #####..
 Iskenderun's Mystic Bla  Conj           #.......     99%         4    #####..
 Leda's Liquefaction      Hex/Erth       #.........   99%         4    #####..
 Olgreb's Toxic Radiance  Pois           #.......     99%         4    #####..
 Passage of Golubria      Tloc           N/A          99%         4    #####..
 Petrify                  Tmut/Erth      #.......     99%         4    #####..
 Sticky Flame             Conj/Fire      #.......     99%         4    #####..
 Bolt of Draining         Conj/Necr      #.........   99%         5    ######.
 Borgnjor's Vile Clutch   Necr/Erth      #.........   99%         5    ######.
 Excruciating Wounds      Chrm/Necr      #.........   99%         5    ######.
 Aura of Abjuration       Summ           #.........   100%        5    ######.
 Blade Hands              Tmut           #.........   100%        5    ######.
 Bolt of Magma            Conj/Fire/Erth #.........   100%        5    ######.
 Irradiate                Conj/Tmut      #.........   100%        5    ######.
 Iskenderun's Battlesphe  Conj/Chrm      #.......     100%        5    ######.
 Lee's Rapid Deconstruct  Erth           #.........   100%        5    ######.
 Metabolic Englaciation   Hex/Ice        #.........   100%        5    ######.
 Silence                  Hex/Air        #.........   100%        5    ######.
 Summon Demon             Summ           #.........   100%        5    ######.
 Summon Forest            Summ/Tloc      #.........   100%        5    ######.
 Summon Mana Viper        Hex/Summ       #.......     100%        5    ######.
 Venom Bolt               Conj/Pois      #.........   100%        5    ######.
 Yara's Violent Unravell  Hex/Tmut       #.........   100%        5    ######.
 Bolt of Cold             Conj/Ice       #.........   100%        6    #######
 Bolt of Fire             Conj/Fire      #.........   100%        6    #######
 Darkness                 Hex            #.........   100%        6    #######
 Death Channel            Necr           ##........   100%        6    #######
 Deflect Missiles         Chrm/Air       #.........   100%        6    #######
 Dispersal                Tloc           #.........   100%        6    #######
 Freezing Cloud           Conj/Ice/Air   #.........   100%        6    #######
 Hydra Form               Tmut           #.........   100%        6    #######
 Invisibility             Hex            #.......     100%        6    #######
 Iron Shot                Conj/Erth      #.........   100%        6    #######
 Ozocubu's Refrigeration  Ice            #.........   100%        6    #######
 Poison Arrow             Conj/Pois      #.........   100%        6    #######
 Shadow Creatures         Summ           N/A          100%        6    #######
 Simulacrum               Ice/Necr       #.........   100%        6    #######
 Statue Form              Tmut/Erth      #........    100%        6    #######
 Dragon Form              Tmut           #.........   100%        7    #######
 Orb of Destruction       Conj           #.........   100%        7    #######
 Ring of Flames           Chrm/Fire      #.........   100%        7    #######
 Spellforged Servitor     Conj/Summ      #.........   100%        7    #######
 Summon Hydra             Summ           #.........   100%        7    #######
 Chain Lightning          Conj/Air       #.........   100%        8    #######
 Controlled Blink         Tloc           N/A          100%        8    #######
 Discord                  Hex            #.........   100%        8    #######
 Disjunction              Tloc           #.........   100%        8    #######
 Lehudib's Crystal Spear  Conj/Erth      #.........   100%        8    #######
 Fire Storm               Conj/Fire      #.........   100%        9    #######
 Glaciate                 Conj/Ice       #.........   100%        9    #######


Dungeon Overview and Level Annotations

Branches:
Dungeon (15/15)            Temple (1/1) D:7            Lair (6/6) D:8
  Swamp (4/4) Lair:3       Spider (4/4) Lair:4        Slime (5/5) Lair:6
    Orc (2/2) D:11            Elf (3/3) Orc:2        Vaults (4/5) D:14
  Crypt (0/3) Vaults:2     Depths (5/5) D:15            Zot (0/5) Depths:5
  IceCv (visited)         Gauntlet (visited)

Altars:
Ashenzari
Cheibriados
Fedhas
Hepliaklqana
Kikubaaqudgha
Makhleb
Okawaru
Qazlal
Ru
Sif Muna
Trog
Uskayaw
Vehumet
Xom
Yredelemnul
Zin
The Shining One
Beogh

Shops:
D:4 *}:=   D:9 *   Orc:2 (:[*(   Elf:2 ?   Vaults:1 (   Depths:1 [!![
Depths:3 (

Portals:
Hell: Depths:1 Depths:2 Depths:3 Depths:4 Depths:5
Abyss: Depths:4
Pandemonium: Depths:3
Ziggurat: Depths:2

Annotations:
Slime:5 Royal Jelly
Elf:2 3 runed translucent doors


Innate Abilities, Weirdness & Mutations

You revert to your normal form in water.
You are very nimble and swift while swimming.
You are very stealthy in the water. (Stealth+)
Scrolls take you a little longer to read.
You possess an exceptional clarity of mind.
Your body sometimes deteriorates upon taking damage.
Your magical capacity is low. (-10% MP)


Message History

The Royal Jelly is severely wounded.
The fiery explosion engulfs the azure jelly!!!
The azure jelly is burned terribly!
The azure jelly explodes!
The fiery explosion engulfs the acid blob!!!
The acid blob explodes!
The fiery explosion engulfs you. You resist.
* * * LOW HITPOINT WARNING * * *
The fiery explosion engulfs you! You resist.
* * * LOW HITPOINT WARNING * * *
The fiery explosion engulfs the Royal Jelly!!
The Royal Jelly is almost dead.
Okawaru accepts your kill. The fiery explosion engulfs you! You resist.
* * * LOW HITPOINT WARNING * * *
The fiery explosion engulfs you! You resist.
* * * LOW HITPOINT WARNING * * *
Okawaru accepts your kill. The fiery explosion engulfs you! You resist.
You die...

#...............
#................
#................
##..G............
###................
##.......§§§§§...... #
##........§§§§§§..... ##
#.........§§§§§§.....
...#.........§§§@§J.....
.............§§§§§§.....
..............§§§§......
..............§§§.......
........................
.......................#
.....^...............###
.....................#
....................##


You could see the Royal Jelly (inner flame) and a shining eye.

Vanquished Creatures
  Mennas (Vaults:3)
  4 juggernauts
  Sojobo (Depths:2)
  Xtahua (Vaults:3)
  Margery (Depths:4)
  A golden dragon (Depths:4)
  Nikola (Swamp:1)
  Jory (Vaults:3)
  The ghost of Caat Rau the Warrior, an adept DgCj (Depths:5)
  A tentacled monstrosity (Depths:3)
  An Ice Fiend (IceCv)
  A titan (Depths:4)
  5 liches
  2 deep elf blademasters (Elf:3)
  2 deep elf master archers (Elf:3)
  12 acid blobs
  A quicksilver dragon (Depths:4)
  3 sphinxes
  Kirke (D:14)
  5 tengu reavers
  3 shadow dragons
  2 thorn hunters
  14 azure jellies
  The ghost of Uwkoecio the Severer, a journeyman HOFi of Okawaru (D:15)
  13 fire giants
  5 storm dragons
  11 vault wardens
  10 frost giants
  2 iron dragons
  4 deep elf sorcerers
  A draconian scorcher (Depths:5)
  7 emperor scorpions
  Louise (D:14)
  2 orc warlords
  5 ghost moths
  9 deep elf elementalists
  A draconian shifter (Depths:5)
  A draconian annihilator (Depths:5)
  2 spriggan defenders (Depths:2)
  15 stone giants
  6 ironheart preservers
  14 very ugly things
  6 entropy weavers
  A green draconian (Depths:5)
  3 deep elf demonologists (Elf:3)
  5 vampire knights
  A minotaur (Gauntlet)
  2 red draconians (Depths:5)
  4 deep elf annihilators
  3 purple draconians (Depths:5)
  An eidolon (Vaults:2)
  7 spark wasps
  11 ettins
  5 death oozes
  15 fire dragons
  4 deep elf death magi (Elf:3)
  5 deep elf high priests
  14 yaktaur captains
  13 ogre magi
  16 great orbs of eyes
  9 rakshasas
  11 vault guards
  5 spriggan air magi
  Fannar (D:12)
  11 ice dragons
  12 centaur warriors
  19 hydras
  12 alligators
  3 death knights
  32 two-headed ogres
  4 shambling mangroves
  A queen ant (Spider:3)
  16 dancing weapons
  16 deep troll shamans
  A two-headed ogre (shapeshifter) (Depths:2)
  7 deep troll earth magi
  A death yak (Lair:6)
  7 spriggan berserkers
  3 vampire magi
  A naga sharpshooter (Depths:4)
  3 tengu warriors
  21 hell knights
  An orc high priest (Elf:1)
  A fire crab (shapeshifter) (Depths:4)
  11 deep elf knights
  Urug (Lair:1)
  2 sun demons (Depths:3)
  A fire crab (Gauntlet)
  13 iron trolls
  A sixfirhy (Depths:3)
  3 shadow wraiths
  11 swamp dragons
  5 glowing orange brains
  4 flayed ghosts
  4 wizards
  35 deep trolls
  4 unseen horrors
  A harpy (shapeshifter) (D:14)
  14 deep elf archers
  5 harpies (Vaults:4)
  10 necromancers
  Pikel (D:5)
  29 orc knights
  An orb spider (shapeshifter) (D:13)
  10 orb spiders
  9 ironbrand convokers
  2 wolf spider zombies (D:15)
  2 large abominations (Gauntlet)
  3 oklob plants (Lair:6)
  3 orc sorcerers
  2 manticores (D:15)
  24 ugly things
  29 wolf spiders
  A stone giant zombie (Vaults:4)
  5 shining eyes
  57 deep elf magi
  5 cyclopes
  A fire giant skeleton (Depths:1)
  2 guardian serpents (shapeshifter)
  15 elephants
  2 frost giant skeletons
  8 vault sentinels
  Joseph (D:8)
  2 ice statues
  3 centaur zombies
  3 black mambas
  33 spiny frogs
  5 torpor snails
  6 eyes of devastation
  A spiny frog (shapeshifter) (Depths:5)
  6 ice devils (IceCv)
  15 demonic crawlers
  7 komodo dragons
  2 anaconda simulacra (IceCv)
  2 kobold demonologists (D:15)
  4 rime drakes
  16 freezing wraiths
  A yaktaur zombie (Vaults:4)
  38 yaktaurs
  A tormentor (Depths:3)
  7 trolls
  A merfolk (shapeshifter) (Elf:3)
  A jumping spider (shapeshifter) (Depths:2)
  2 polar bears (Lair:4)
  19 jumping spiders
  A wind drake (shapeshifter) (Depths:4)
  3 tengu conjurers
  A queen bee (shapeshifter) (Vaults:4)
  10 tyrant leeches
  24 hornets
  A harpy skeleton (D:13)
  5 bog bodies
  35 blink frogs
  A fire dragon zombie (Depths:1)
  12 hippogriffs
  140 slime creatures
  5 air elementals
  A meliai zombie (D:11)
  56 redbacks
  Sigmund (D:3)
  3 spriggans
  A spriggan (shapeshifter) (Vaults:2)
  7 shadows
  26 tarantellas
  2 ynoxinuls (Depths:3)
  2 ettin skeletons
  7 wyverns
  4 vampires
  5 dire elephant simulacra (IceCv)
  54 yaks
  3 fire bats (Gauntlet)
  9 wraiths
  A fire elemental (Elf:1)
  6 water elementals
  A hog (D:14)
  Eustachio (D:6)
  A golden eye (shapeshifter) (Depths:3)
  2 basilisks
  A basilisk (shapeshifter) (D:14)
  A steam dragon (D:8)
  29 vampire mosquitoes
  5 golden eyes
  A yaktaur simulacrum (Vaults:2)
  A swamp worm (shapeshifter) (Vaults:4)
  2 hungry ghosts
  2 death yak simulacra (IceCv)
  An iron troll simulacrum (IceCv)
  12 swamp worms
  9 wargs
  3 acid dragons
  13 insubstantial wisps (Swamp:2)
  4 harpy simulacra (IceCv)
  10 water moccasins
  2 floating eyes
  8 soldier ants
  A soldier ant (shapeshifter) (Depths:4)
  A floating eye (shapeshifter) (Depths:3)
  A hell hound (Gauntlet)
  60 orc warriors
  2 hydra simulacra (IceCv)
  10 porcupines
  3 black bears
  15 swamp drakes
  2 phantoms
  31 ogres
  5 sky beasts
  A slave (D:6)
  A necrophage (D:13)
  11 ice beasts
  2 tengu (shapeshifter) (Depths:5)
  3 ettin simulacra
  5 eyes of draining
  3 wolves (Lair:3)
  7 boggarts
  9 centaurs
  7 crocodiles
  4 human skeletons
  3 big kobolds
  33 bullfrogs
  2 gnoll sergeants
  4 earth elementals
  A glowing shapeshifter simulacrum (Vaults:4)
  A wyvern zombie (D:14)
  A wyvern skeleton (D:14)
  5 scorpions
  A swamp dragon simulacrum (IceCv)
  An orc simulacrum (Vaults:1)
  10 killer bees
  10 wights
  6 howler monkeys
  6 electric eels
  13 crimson imps
  A draconian simulacrum (IceCv)
  4 quasits
  6 bullfrog skeletons
  3 bullfrog zombies
  2 human zombies
  A gnoll shaman (D:6)
  Crazy Yiuf (D:7)
  17 orc priests
  4 hounds
  4 jellies
  5 centaur skeletons
  2 iguanas
  18 orc wizards
  20 worker ants
  6 small abominations (Gauntlet)
  3 centaur simulacra (IceCv)
  4 hound skeletons
  A worker ant zombie (D:6)
  17 gnolls
  2 naga simulacra (IceCv)
  17 adders
  5 shadow imps
  11 white imps
  8 ufetubi
  An ooze (D:1)
  An adder skeleton (D:10)
  9 worms
  4 leopard geckos
  104 orcs
  4 giant cockroaches
  9 goblins
  10 hobgoblins
  5 jackals
  24 kobolds
  7 quokkas
  4 ball pythons
  9 bats
  9 frilled lizards
  A quokka skeleton (D:6)
  A quokka zombie (D:5)
  8 rats
2189 creatures vanquished.

Vanquished Creatures (others)
  A deep elf master archer (Elf:3)
  A fire giant (Depths:3)
  6 stone giants
  A deep elf demonologist (Elf:3)
  6 yaktaur captains
  A deep elf archer (Elf:2)
  A vault sentinel (Vaults:2)
  A centaur skeleton (D:14)
  11 yaktaurs
  A redback (Spider:3)
  5 humans (D:14)
  An ogre (Vaults:3)
  3 centaurs
  A bullfrog (D:14)
  An earth elemental (Elf:3)
  A hound (D:6)
  A worker ant (D:14)
  An orc (Vaults:4)
  A kobold (D:15)
  12 fungi
  54 plants
  5 toadstools (D:1)
116 creatures vanquished.

Grand Total: 2305 creatures vanquished

Notes
Turn   | Place    | Note
-------+----------+-------------------------------------------
     0 | D:1      | Faca the Merfolk Necromancer began the quest for the Orb.
     0 | D:1      | Reached XP level 1. HP: 13/13 MP: 3/3
    95 | D:1      | Reached skill level 1 in Fighting
   365 | D:1      | Reached XP level 2. HP: 14/22 MP: 3/5
   780 | D:1      | Reached XP level 3. HP: 28/28 MP: 6/6
  1787 | D:2      | Reached skill level 1 in Polearms
  1787 | D:2      | Reached XP level 4. HP: 34/36 MP: 7/7
  1988 | D:2      | Reached skill level 2 in Polearms
  2086 | D:2      | Found a glowing silver altar of Zin.
  2734 | D:2      | Reached XP level 5. HP: 38/42 MP: 8/8
  2860 | D:2      | Reached skill level 3 in Polearms
  3726 | D:3      | Noticed Sigmund
  3825 | D:3      | Reached skill level 4 in Polearms
  3928 | D:3      | Noticed a water moccasin
  3947 | D:3      | Reached XP level 6. HP: 49/50 MP: 9/9
  4019 | D:3      | Reached skill level 5 in Fighting
  4770 | D:3      | Reached skill level 5 in Polearms
  5164 | D:3      | Killed Sigmund
  5164 | D:3      | Reached skill level 6 in Polearms
  5164 | D:3      | Reached XP level 7. HP: 50/57 MP: 10/10
  5556 | D:4      | Found Sikkun's Gadget Shop.
  5567 | D:4      | Found Seojile's Jewellery Boutique.
  5572 | D:4      | Bought a cursed ring of teleportation for 54 gold pieces
  5752 | D:4      | Found Xyro's Book Boutique.
  5774 | D:4      | Noticed a moth of wrath
  5777 | D:4      | Found a bloodstained altar of Trog.
  5895 | D:4      | Got a brightly glowing spear
  5896 | D:4      | Identified the +7 spear of Zaud {pierce, *Slow rElec Int+3
                  | Dex+4} (You found it on level 4 of the Dungeon)
  6251 | D:4      | Found Imyts's General Store.
  6257 | D:4      | Reached skill level 7 in Polearms
  6280 | D:5      | Entered Level 5 of the Dungeon
  6358 | D:5      | Reached XP level 8. HP: 46/67 MP: 11/11
  6406 | D:5      | Reached skill level 8 in Polearms
  6472 | D:5      | Reached skill level 9 in Polearms
  7053 | D:5      | Found a burning altar of Makhleb.
  7099 | D:5      | Reached skill level 10 in Polearms
  7277 | D:5      | Reached XP level 9. HP: 75/75 MP: 12/12
  7958 | D:6      | Found a shimmering altar of Xom.
  8105 | D:6      | Found a radiant altar of Vehumet.
  8120 | D:6      | Reached skill level 1 in Shields
  8131 | D:6      | Identified the Reference Book on the Escort and Venom
  8185 | D:6      | Noticed Pikel
  8217 | D:5      | Killed Pikel
  8217 | D:5      | Reached skill level 11 in Polearms
  8445 | D:6      | Noticed Eustachio
  8449 | D:6      | Killed Eustachio
  8449 | D:6      | Reached skill level 5 in Dodging
  8485 | D:6      | Found a sacrificial altar of Ru.
  8641 | D:6      | Found an ancient bone altar of Kikubaaqudgha.
  8641 | D:6      | Found a hazy altar of Hepliaklqana.
  9235 | D:7      | Found a runed translucent door.
  9236 | D:7      | Noticed Crazy Yiuf
  9319 | D:7      | Found a blossoming altar of Fedhas.
  9351 | D:7      | Reached XP level 10. HP: 85/85 MP: 13/13
  9381 | D:7      | Reached skill level 10 in Fighting
  9398 | D:7      | Reached skill level 12 in Polearms
  9517 | D:7      | Found the cursed necklace of Bloodlust {*Rage +Rage MR++
                  | Int-3 Slay+6 *Curse}
  9662 | D:7      | Found a staircase to the Ecumenical Temple.
  9669 | Temple   | Entered the Ecumenical Temple
  9679 | Temple   | Became a worshipper of Warmaster Okawaru
 10124 | D:7      | Killed Crazy Yiuf
 10288 | D:8      | Found a staircase to the Lair.
 10373 | D:8      | Reached * piety under Okawaru
 10377 | D:8      | Reached skill level 5 in Shields
 10411 | D:8      | Noticed Joseph
 10423 | D:8      | Killed Joseph
 10808 | D:9      | Reached ** piety under Okawaru
 10975 | D:9      | Reached skill level 13 in Polearms
 11140 | D:9      | Reached XP level 11. HP: 81/93 MP: 14/14
 11392 | D:9      | Found Jinav's Assorted Antiques.
 11406 | D:9      | Bought an amethyst potion for 27 gold pieces
 11406 | D:9      | Bought a scroll labeled YZEBEURUBIO for 31 gold pieces
 11521 | D:10     | Entered Level 10 of the Dungeon
 11663 | D:10     | Reached *** piety under Okawaru
 11820 | D:10     | Noticed a two-headed ogre
 11835 | D:10     | Killed a two-headed ogre
 11866 | D:10     | Reached **** piety under Okawaru
 12665 | Lair:1   | Entered Level 1 of the Lair of Beasts
 12675 | Lair:1   | Noticed Urug
 12677 | Lair:1   | Reached skill level 14 in Polearms
 12849 | D:8      | Reached ***** piety under Okawaru
 12956 | Lair:1   | Killed Urug
 12956 | Lair:1   | Received a gift from Okawaru
 12956 | Lair:1   | Reached skill level 10 in Dodging
 12960 | Lair:1   | Got a pair of bloodstained boots {god gift}
 13058 | Lair:1   | Noticed a six-headed hydra
 13095 | D:8      | Killed a six-headed hydra
 13097 | D:8      | Identified the +0 pair of boots of Ownoameg {Str+4 Dex+6}
                  | (Okawaru gifted it to you on level 1 of the Lair of Beasts)
 13434 | Lair:1   | Reached XP level 12. HP: 90/102 MP: 15/15
 14046 | Lair:1   | Noticed a five-headed hydra
 14058 | Lair:1   | Killed a five-headed hydra
 14266 | Lair:2   | Found a gate leading to a gauntlet.
 14415 | Gauntlet | Entered a Gauntlet
 14415 | Gauntlet | Found a transporter.
 14418 | Gauntlet | Found a transporter.
 14419 | Gauntlet | Found a transporter.
 14423 | Gauntlet | Found a transporter.
 14433 | Gauntlet | Found a transporter.
 14433 | Gauntlet | Found a transporter.
 14437 | Gauntlet | Noticed a reaper
 14440 | Gauntlet | Found a transporter.
 14441 | Gauntlet | Found a transporter.
 14470 | Gauntlet | Found a transporter.
 14491 | Gauntlet | Found a transporter.
 14491 | Gauntlet | Found a transporter.
 14501 | Gauntlet | Found a transporter.
 14691 | Gauntlet | Reached skill level 15 in Polearms
 14999 | Gauntlet | Got an ichor-stained large shield
 15225 | Gauntlet | Identified the cursed +0 large shield of Xiczolac {+Inv
                  | rC+} (You found it in a Gauntlet)
 15261 | Gauntlet | Noticed a minotaur
 15290 | Gauntlet | Killed a minotaur
 15599 | Lair:2   | Received a gift from Okawaru
 16198 | Lair:3   | Found a staircase to the Swamp.
 16313 | Lair:3   | Found a shimmering altar of Xom.
 16455 | Lair:3   | Reached XP level 13. HP: 95/111 MP: 16/16
 16465 | Lair:3   | Reached skill level 1 in Invocations
 16597 | Lair:3   | Found a snail-covered altar of Cheibriados.
 17020 | Lair:3   | Reached skill level 16 in Polearms
 17675 | Lair:4   | Noticed an ice dragon
 18219 | Lair:4   | Found a hole to the Spider Nest.
 18999 | Lair:4   | Received a gift from Okawaru
 19363 | Lair:4   | an ice dragon changed into an alligator
 19546 | Lair:4   | Reached ****** piety under Okawaru
 19666 | Lair:4   | Reached skill level 10 in Shields
 20636 | Lair:6   | Entered Level 6 of the Lair of Beasts
 20904 | Lair:5   | Received a gift from Okawaru
 20968 | Lair:6   | Reached skill level 5 in Invocations
 21022 | Lair:5   | Reached XP level 14. HP: 91/119 MP: 17/17
 21823 | Lair:6   | Reached skill level 17 in Polearms
 22063 | Lair:6   | Received a gift from Okawaru
 22467 | Lair:6   | Got scorched quicksilver dragon scales
 22470 | Lair:6   | Identified the quicksilver dragon scales of the Trout
                  | {*Contam +Blink rElec MR+ Slay+2} (You found it on level 6
                  | of the Lair of Beasts)
 22806 | Lair:6   | Received a gift from Okawaru
 22846 | Lair:6   | Identified the +9 demon trident "Toanafef" {freeze, rPois
                  | Str+2 Int+3} (Okawaru gifted it to you on level 6 of the
                  | Lair of Beasts)
 23864 | D:11     | Found a staircase to the Orcish Mines.
 24253 | D:11     | Reached skill level 1 in Armour
 24416 | Orc:1    | Entered Level 1 of the Orcish Mines
 24568 | Orc:2    | Entered Level 2 of the Orcish Mines
 24797 | Orc:2    | Received a gift from Okawaru
 24892 | Orc:2    | Reached XP level 15. HP: 127/127 MP: 20/20
 24928 | Orc:2    | Found a staircase to the Elven Halls.
 24928 | Orc:2    | Found Xiasimis's Weapon Boutique.
 24957 | Orc:2    | Found a roughly hewn altar of Beogh.
 25058 | Orc:2    | Found Sierapay's General Store.
 25081 | Orc:2    | Found Goaphid's Antique Armour Boutique.
 25122 | Orc:2    | Found a roughly hewn altar of Beogh.
 25285 | Orc:2    | Found Bissut's Book Emporium.
 25285 | Orc:2    | Found Cehel's Weapon Boutique.
 25805 | Orc:2    | Reached skill level 18 in Polearms
 26730 | Orc:2    | Bought a +0 pair of gloves of dexterity for 172 gold pieces
 26750 | Orc:2    | Bought a pair of embroidered boots for 262 gold pieces
 26818 | D:12     | Noticed Fannar
 26834 | D:12     | Killed Fannar
 27166 | D:12     | Noticed Sonja
 27178 | D:12     | Noticed Sonja
 27178 | D:12     | Sonja changed into Sonja the unseen horror
 27181 | D:12     | Killed Sonja the unseen horror
 27336 | D:12     | Reached skill level 15 in Dodging
 27484 | D:12     | Reached skill level 15 in Fighting
 28131 | D:14     | Received a gift from Okawaru
 28303 | D:14     | Noticed Kirke
 28315 | D:14     | Killed Kirke
 28626 | D:14     | Found a glowing golden altar of the Shining One.
 28626 | D:14     | Noticed Louise
 28636 | D:14     | Killed Louise
 28810 | D:14     | Found a gate to the Vaults.
 29066 | Swamp:1  | Entered Level 1 of the Swamp
 29102 | Swamp:1  | Received a gift from Okawaru
 29109 | Swamp:1  | Reached XP level 16. HP: 120/136 MP: 22/22
 29133 | Swamp:1  | Noticed Nikola
 29149 | Swamp:1  | Killed Nikola
 29331 | Swamp:1  | Got a pitted silver ring
 29353 | Swamp:1  | Identified the ring "Uchiaqew" {rPois MR- EV+3 Str-4 Int+8}
                  | (You found it on level 1 of the Swamp)
 29507 | Swamp:1  | Noticed a thorn hunter
 29518 | Swamp:1  | Killed a thorn hunter
 30260 | Swamp:2  | Reached skill level 19 in Polearms
 30446 | Swamp:2  | Received a gift from Okawaru
 30469 | Swamp:2  | Noticed a thorn hunter
 30485 | Swamp:2  | Killed a thorn hunter
 30723 | Swamp:2  | Reached skill level 10 in Invocations
 31250 | Swamp:3  | Reached skill level 5 in Armour
 31863 | Swamp:3  | Received a gift from Okawaru
 31936 | Swamp:4  | Entered Level 4 of the Swamp
 32190 | Swamp:4  | Reached XP level 17. HP: 144/144 MP: 24/24
 32380 | Swamp:4  | Received a gift from Okawaru
 32804 | Swamp:4  | Got a decaying rune of Zot
 32999 | Spider:1 | Entered Level 1 of the Spider Nest
 33006 | Spider:1 | Found a frozen archway.
 33067 | IceCv    | Entered an ice cave
 33132 | IceCv    | Reached skill level 20 in Polearms
 33197 | IceCv    | HP: 6/145 [ice beast[an ice statue] (12)]
 34108 | IceCv    | Noticed an Ice Fiend
 34284 | IceCv    | Killed an Ice Fiend
 34543 | IceCv    | Received a gift from Okawaru
 34971 | Spider:1 | Identified a scroll of acquirement
 34973 | Spider:1 | Got a coiled ruby amulet
 34974 | Spider:1 | Identified the amulet "Zellugam" {Faith rPois rC- SInv}
                  | (You acquired it on level 1 of the Spider Nest)
 36304 | Spider:2 | Identified the cursed +0 ring mail "Libej" {rN+ SInv} (You
                  | found it on level 2 of the Spider Nest)
 37009 | Spider:3 | Reached XP level 18. HP: 127/153 MP: 25/25
 37643 | Spider:4 | Entered Level 4 of the Spider Nest
 37838 | Spider:4 | Received a gift from Okawaru
 38208 | Spider:4 | Reached skill level 21 in Polearms
 38237 | Spider:4 | Received a gift from Okawaru
 38738 | Spider:4 | Got a gossamer rune of Zot
 39087 | D:4      | Bought a scroll of enchant armour for 75 gold pieces
 39087 | D:4      | Bought an uncursed ring of positive energy for 200 gold
                  | pieces
 39198 | D:9      | Bought an ancient diamond amulet for 155 gold pieces
 39198 | D:9      | Identified the amulet of Autumn {+Rage Dex+3} (You bought
                  | it in a shop on level 9 of the Dungeon)
 39321 | D:15     | Entered Level 15 of the Dungeon
 39979 | D:15     | Found a runed translucent gate.
 39979 | D:15     | Found a runed translucent gate.
 39979 | D:15     | Found a runed translucent gate.
 39980 | D:15     | Noticed Uwkoecio's ghost (journeyman HOFi)
 40150 | D:15     | Found a staircase to the Depths.
 40373 | Vaults:1 | Entered Level 1 of the Vaults
 40497 | Vaults:1 | Received a gift from Okawaru
 40504 | Vaults:1 | Reached XP level 19. HP: 163/163 MP: 26/26
 40511 | Vaults:1 | Identified the +2 trident of Overwhelming Force {pierce,
                  | rPois rC+} (Okawaru gifted it to you on level 1 of the
                  | Vaults)
 40528 | Vaults:1 | Found Ziaw's Weapon Shoppe.
 40876 | Vaults:1 | Reached skill level 15 in Shields
 41161 | Vaults:1 | Reached skill level 22 in Polearms
 41431 | Vaults:1 | Identified the Collected Works on the Earthen Arsonist
 41475 | Vaults:1 | Received a gift from Okawaru
 41478 | Vaults:1 | Identified the +0 pair of boots of the Tortoise {Int+2}
                  | (Okawaru gifted it to you on level 1 of the Vaults)
 41939 | Vaults:2 | Found a staircase to the Crypt.
 43224 | Vaults:3 | Noticed Jory
 43271 | Vaults:3 | Killed Jory
 43698 | Vaults:3 | Noticed Xtahua
 43712 | Vaults:3 | Killed Xtahua
 43783 | Vaults:3 | Reached XP level 20. HP: 172/172 MP: 27/27
 43929 | Vaults:3 | Noticed Mennas
 43960 | Vaults:3 | Killed Mennas
 43960 | Vaults:3 | Received a gift from Okawaru
 44964 | Vaults:4 | Reached skill level 23 in Polearms
 45338 | Vaults:4 | Received a gift from Okawaru
 45347 | Vaults:4 | Identified the +1 spear of the Moon {pain, Int+4 Dex+4}
                  | (Okawaru gifted it to you on level 4 of the Vaults)
 46697 | Vaults:4 | Received a gift from Okawaru
 46727 | Vaults:4 | Reached XP level 21. HP: 176/181 MP: 28/28
 47185 | Depths:1 | Entered Level 1 of the Depths
 47503 | Depths:1 | Found a gateway to Hell.
 47559 | Depths:1 | Found Cumiut's Antique Armour Shoppe.
 47575 | Depths:1 | Found Dethept's Distillery.
 47575 | Depths:1 | Found Lunguat's Distillery.
 47578 | Depths:1 | Found Fogader's Antique Armour Emporium.
 47613 | Depths:1 | Bought a transparent scale mail for 387 gold pieces
 47613 | Depths:1 | Identified the +1 scale mail of Weituonn {rN+} (You bought
                  | it in a shop on level 1 of the Depths)
 47621 | Depths:1 | Bought a dazzling ring mail for 288 gold pieces
 47621 | Depths:1 | Bought a crude cloak for 304 gold pieces
 47621 | Depths:1 | Identified the +0 ring mail of the Neverending Tables
                  | {-Tele MR+ Dex+2 Stlth+} (You bought it in a shop on level
                  | 1 of the Depths)
 47622 | Depths:1 | Identified the +2 cloak "Maceunkalua" {*Slow MR+ Str-5
                  | Dex+3} (You bought it in a shop on level 1 of the Depths)
 48012 | Depths:2 | Found a gateway to a ziggurat.
 48038 | Depths:2 | Received a gift from Okawaru
 48053 | Depths:2 | Reached skill level 24 in Polearms
 48073 | Depths:2 | Got a heavily runed cloak {god gift}
 48074 | Depths:2 | Identified the -3 cloak "Zoinuorip" {Str+3 Dex+4} (Okawaru
                  | gifted it to you on level 2 of the Depths)
 49500 | Depths:2 | Reached XP level 22. HP: 134/190 MP: 21/29
 49506 | Depths:2 | Received a gift from Okawaru
 49795 | Depths:2 | Noticed a juggernaut
 49808 | Depths:2 | Killed a juggernaut
 50122 | Depths:3 | Noticed a juggernaut
 50783 | Depths:3 | Noticed Sojobo
 51128 | Depths:2 | Reached skill level 25 in Polearms
 51260 | Depths:2 | Killed Sojobo
 51260 | Depths:2 | Received a gift from Okawaru
 51396 | Depths:2 | Identified a +0 pair of boots of running (Okawaru gifted it
                  | to you on level 2 of the Depths)
 52651 | Depths:3 | Found Kellehoiga's Weapon Boutique.
 53145 | Depths:3 | Reached XP level 23. HP: 199/199 MP: 30/30
 53207 | Depths:3 | Found a one-way gate leading to the halls of Pandemonium.
 53589 | Depths:3 | Killed a juggernaut
 54373 | Depths:4 | Received a gift from Okawaru
 54405 | Depths:4 | Got a coiled iron ring
 54406 | Depths:4 | Identified the ring of the Queen {+Fly rN+ Str+4 Dex+4}
                  | (You found it on level 4 of the Depths)
 54597 | Depths:4 | Found a one-way gate to the infinite horrors of the Abyss.
 54660 | Depths:4 | Got a warped tin ring
 54661 | Depths:4 | Identified the ring of Pauwun {rPois Int+3 Dex+2} (You
                  | found it on level 4 of the Depths)
 54694 | Depths:4 | Found a burning altar of Makhleb.
 54747 | Depths:4 | Noticed Margery
 55116 | Depths:4 | Killed Margery
 55188 | Depths:4 | Noticed a juggernaut
 55203 | Depths:4 | Killed a juggernaut
 55203 | Depths:4 | Received a gift from Okawaru
 55203 | Depths:4 | Reached skill level 26 in Polearms
 55449 | Depths:4 | Found a shattered altar of Ashenzari.
 55513 | Depths:4 | Noticed a golden dragon
 55540 | Depths:4 | Killed a golden dragon
 55733 | Depths:4 | Found a glowing silver altar of Zin.
 56162 | Depths:4 | Received a gift from Okawaru
 56163 | Depths:4 | Noticed a juggernaut
 56174 | Depths:4 | Killed a juggernaut
 56265 | Depths:4 | Reached XP level 24. HP: 151/210 MP: 30/30
 56275 | Depths:4 | Got a scintillating brass ring
 56276 | Depths:4 | Identified the ring "Keble" {*Slow rF+ rC+ Str+6 Stlth+}
                  | (You found it on level 4 of the Depths)
 56591 | Depths:4 | Got a pair of translucent boots
 56593 | Depths:4 | Identified the +0 pair of boots of Beyond {rElec rF- rCorr}
                  | (You acquired it on level 4 of the Depths)
 56611 | Depths:5 | Entered Level 5 of the Depths
 57339 | Depths:5 | Received a gift from Okawaru
 57428 | Depths:5 | Found a gate to the Realm of Zot.
 57757 | Depths:5 | Received a gift from Okawaru
 58510 | Depths:5 | Found a large runed translucent door.
 58510 | Depths:5 | Found a large runed translucent door.
 58512 | Depths:5 | Noticed Caat Rau's ghost (adept DgCj)
 58539 | Depths:5 | Killed Caat Rau's ghost
 58792 | D:15     | Killed Uwkoecio's ghost
 58923 | Elf:1    | Entered Level 1 of the Elven Halls
 59041 | Elf:1    | Reached skill level 27 in Polearms
 59451 | Elf:1    | Identified the Grimoire of Shape Shifting and
                  | Weightlessness
 60087 | Elf:2    | Found Plog's Magic Scroll Emporium.
 60185 | Elf:2    | Found a runed translucent gate.
 60185 | Elf:2    | Found a runed translucent gate.
 60185 | Elf:2    | Found a runed translucent gate.
 60201 | Elf:2    | Received a gift from Okawaru
 60202 | Elf:2    | Got a smoking robe {god gift}
 60375 | Elf:2    | Reached XP level 25. HP: 196/219 MP: 30/30
 60596 | Elf:3    | Entered Level 3 of the Elven Halls
 62384 | Elf:3    | Identified the +6 chain mail of Timoisodd {Str+6 Stlth+}
 62407 | Elf:3    | Identified the +2 robe of the Fiddle {+Blink}
 62455 | Elf:3    | Identified the +11 demon whip of the Thirteen Mice {vamp,
                  | rN+ Str+2 Int+3 Dex-3}
 62937 | Elf:3    | Identified the +3 chain mail of Coylaa {Slay+3} (You found
                  | it on level 3 of the Elven Halls)
 63055 | Elf:3    | Identified the Reference Book on the Arsonist
 63221 | Elf:2    | Bought a scroll of torment for 120 gold pieces
 63771 | Lair:6   | Found a staircase to the Slime Pits.
 63981 | Slime:1  | Entered Level 1 of the Pits of Slime
 64133 | Slime:1  | Received a gift from Okawaru
 64165 | Slime:1  | Identified the +1 ring mail "Ifuex" {*Slow Regen+ rCorr
                  | SInv} (Okawaru gifted it to you on level 1 of the Pits of
                  | Slime)
 64616 | Slime:3  | Paralysed by a floating eye for 4 turns
 65026 | Slime:2  | Gained mutation: You possess an exceptional clarity of
                  | mind. [a shining eye]
 65680 | Slime:4  | Gained mutation: Scrolls take you a little longer to read.
                  | [a shining eye]
 65861 | Slime:3  | Gained mutation: Your body sometimes deteriorates upon
                  | taking damage. [a shining eye]
 66114 | Slime:5  | Entered Level 5 of the Pits of Slime
 66383 | Slime:5  | Gained mutation: Your magical capacity is low. (-10% MP) [a
                  | shining eye]
 66606 | Slime:5  | Reached XP level 26. HP: 212/228 MP: 27/27
 66610 | Slime:5  | Noticed the Royal Jelly
 66636 | Slime:5  | HP: 4/228 [great orb of eyes/exploding inner flame[the
                  | player character] (11)]
 66636 | Slime:5  | Killed from afar by an acid blob

Levels and vault maps discovered:
D:1:      ldierk_walled_garden, layout_basic, fountainhead
D:2:      layout_basic, zin_scriptorium, minmay_joined_circles
D:3:      layout_basic, kennysheep_potato, uniq_sigmund
D:4:      layout_basic, tgw_trog, serial_shops, nicolae_shop_trees,
          kennysheep_mini_moat, nicolae_shop_waterfront, shop
D:5:      minmay_octagon_keep, layout_layer_cave, makhleb_heckhound_becter,
          enter_ossuary_3, first_ration
D:6:      minmay_chambers_of_threes, layout_basic, hangedman_ru_absence,
          gammafunk_temple_overflow_elements, serial_corexii_hall,
          corexii_hall_statues_u, chequers_hall_statues_wall_a,
          hangedman_feature_mirror, grunt_ministairs_10, uniq_pikel,
          uniq_eustachio
D:7:      minmay_chambers_of_fours, layout_loops_ring,
          minmay_temple_entry_slanted, basic_altar, uniq_crazy_yiuf_cottage
D:8:      layout_rooms, due_lair_maze_entry_diamond, uniq_joseph
D:9:      layout_small_grid, serial_shops, nicolae_shop_overgrown_old_shop,
          hangedman_pestilent_swarm
D:10:     layout_roguey
D:11:     minmay_skewed_foursquare, layout_basic
D:12:     layout_basic, uniq_sonja, uniq_fannar
D:13:     layout_roguey, minivault_22, chequers_mini_garden,
          minmay_statues_item, chequers_serial_rivers_micro_b
D:14:     layout_basic, david_vaults_4, lemuel_altar_in_water, uniq_louise,
          uniq_kirke
D:15:     grunt_enter_depths_snipers, layout_grid_maze, gammafunk_ghost_spectres
Temple:   eino_temple_rhombus
Lair:1:   layout_layer_cave, infiniplex_staircase_pool, serial_bayou_shore_a,
          lemuel_fruit_fields, grunt_megastairs_5, lemuel_fruit_fields,
          uniq_urug
Lair:2:   layout_small_grid, gauntlet_entry_generic
Lair:3:   layout_hall_layers, swamp_mist_pool, basic_altar,
          kennysheep_snail_temple
Lair:4:   layout_roguey, spider_nest_entry_a, ice2_lemuel
Lair:5:   layout_loops_ring
Lair:6:   minmay_lair_end_frog_pond, layout_regular_city,
          minmay_slime_entry_oklob_enclosed
Swamp:1:  layout_basic_swamp, hangedman_swamp_lotus, swamp_pool4,
          nicolae_swamp_alligator_family, uniq_nikola
Swamp:2:  layout_basic_swamp, hangedman_swamp_diagram
Swamp:3:  layout_falls_marsh, hangedman_swamp_pad
Swamp:4:  swamp_basic_johnstein, layout_basic_swamp, swamp_pool1
Spider:1: layout_chambers, portal_ice_cave_entry_ugly_swarm
Spider:2: layout_spider_delve, drop_trap
Spider:3: layout_spider_delve, minmay_another_anthill
Spider:4: guppyfry_spider_rune
Slime:1:  layout_caves
Slime:2:  layout_caves
Slime:3:  cheibrodos_slime_lost_civilization_9, layout_caves
Slime:4:  layout_caves
Slime:5
Orc:1:    layout_caves
Orc:2:    st_orc_town, layout_diamond_mine, basic_altar, serial_shops, shop
Elf:1:    layout_gridlike, special_room [special_room_orc], minivault_28,
          fountainhead, grunt_megastairs_1
Elf:2:    layout_geoelf_octagon, serial_shops, nicolae_shop_trees,
          corexii_checkpoint_b
Elf:3:    minmay_elf_hall_statues, layout_geoelf_castle
Vaults:1: hangedman_vaults_pinch, dpeg_vaults_monster_row,
          nicolae_vaults_network_s, ontoclasm_vaults_chip, v_misc_29,
          vaults_room_fours, ontoclasm_vaults_ring_square, v_misc_14,
          vaults_room_ringed_pool, vaults_dpeg_doors,
          nicolae_vaults_little_squares_6, grunt_vaults_hallway_short,
          st_hourglassy, layout_vaults_omnibox, serial_shops,
          nicolae_shop_behind_doors
Vaults:2: vaults_standard_mumra_x, nicolae_vaults_three_branches,
          minmay_crypt_entry_simple_walls, nicolae_vaults_little_squares_2,
          ontoclasm_vaults_misaligned, hangedman_vaults_cutoff, v_misc_31,
          nicolae_vaults_ring_of_whatevers, nicolae_vaults_rhombus_7,
          vaults_room_stairs_pillars, vaults_room_pool, layout_vaults_quadrants
Vaults:3: nicolae_vaults_triangles, nicolae_vaults_little_squares_4, v_rooms_2,
          vaults_dpeg_cross, vaults_room_grunt_arrival_checkpoint,
          hangedman_vaults_slice, nicolae_vaults_little_squares_3,
          nicolae_vaults_yaktaur_gun_rack, nicolae_vaults_ninety_degrees,
          vaults_dpeg_spiral, ontoclasm_vaults_claustrophobia,
          vaults_room_stairs_pillars, ontoclasm_vaults_shuriken,
          layout_vaults_maze_snakey, uniq_mennas, uniq_xtahua, uniq_jory
Vaults:4: v_pattern_5, v_alt_pattern_3, v_misc_29, nicolae_vaults_big_ls,
          hangedman_vaults_river_flow, vaults_room_fours,
          hangedman_vaults_stitches, hangedman_vaults_impose, v_misc_19,
          grunt_vaults_hallway_long, st_spiral_rooms,
          ontoclasm_vaults_ring_small, layout_vaults_chaotic_city
Depths:1: layout_forbidden_donut, hell_entry, serial_glass, glass_columns_a,
          glass_columns_c, hangedman_abyss_or_decor_jellyfish_corner,
          kilobyte_mutagenic_chamber, minmay_shoptagon
Depths:2: minmay_quarter_circles, layout_basic, enter_ziggurat_c, hell_entry,
          chequers_jeans, nooodl_food_tri
Depths:3: minmay_the_grid_square_5x5_4x4_mashed
          [minmay_the_grid_square_5x5_two_walls_b, minmay_the_grid_square_5x5_z,
          minmay_the_grid_square_5x5_tetrominoes,
          minmay_the_grid_square_5x5_bridge,
          minmay_the_grid_square_5x5_two_walls_a,
          minmay_the_grid_square_5x5_prize_junk,
          minmay_the_grid_square_5x5_prize_monsterx,
          minmay_the_grid_square_5x5_checkered_statues,
          minmay_the_grid_square_5x5_longway,
          minmay_the_grid_square_5x5_prize_rear_guard,
          minmay_the_grid_square_5x5_prize_waves,
          minmay_the_grid_square_5x5_shuriken, minmay_the_grid_square_5x5_forky,
          minmay_the_grid_square_5x5_inner_v,
          minmay_the_grid_square_5x5_doubleslash,
          minmay_the_grid_square_5x5_broken_cross], layout_cave_pools,
          serial_shops, shop_fountains, hell_entry, grunt_pan_entry_sceptre,
          hangedman_decor_slide_cut, infiniplex_staircase_x, uniq_sojobo
Depths:4: hangedman_spin_cycle, hell_entry, abyss_entry
Depths:5: grunt_zot_entry_funnels, layout_cave_pools, hangedman_decor_growths,
          hell_entry, ebering_ghost_disaster_area, serial_bayou_shore_b

Skill      XL: |  1  2  3  4  5  6  7  8  9 10 11 12 13 14 15 16 17 18 19 20 21 22 23 24 25 |
---------------+----------------------------------------------------------------------------+-----
Fighting       | 1 2 3 4 5 7 8 9 11 12 13 14 15 16 17 18 19 20 21 22 23 | 23.1
Polearms       | 1 2 4 6 7 10 11 13 14 15 16 17 18 19 20 21 22 23 24 25 26 27 | 27.0
Dodging        | 5 8 10 12 13 14 15 16 17 18 19 20 21 22 23 24 25 | 25.4
Shields        | 3 5 7 9 10 11 12 13 14 15 16 17 18 19 20 | 20.6
Invocations    | 5 7 9 10 | 10.0
Armour         | 1 3 5 8 |  8.1
Stealth        | |  2.1
Spellcasting   | |  2.0
Necromancy     | |  3.2

Action                   |  1- 3 |  4- 6 |  7- 9 | 10-12 | 13-15 | 16-18 | 19-21 | 22-24 | 25-27 || total
-------------------------+-------+-------+-------+-------+-------+-------+-------+-------+-------++-------
Melee: Unarmed           |    16 |       |       |       |       |       |       |       |       ||    16
       Dagger            |    46 |       |       |       |       |       |       |       |       ||    46
       Tailslap          |     2 |       |       |     3 |    19 |    23 |       |       |       ||    47
       Spear             |    38 |   359 |   331 |   969 |  1086 |       |       |       |       ||  2783
       Trident           |       |    27 |    47 |       |       |       |       |       |       ||    74
       Demon trident     |       |       |       |       |   756 |  1609 |  1637 |  1777 |   691 ||  6470
Throw: Boomerang         |       |       |       |       |       |     1 |       |       |    31 ||    32
 Cast: Pain              |    18 |       |       |       |       |       |       |       |       ||    18
Invok: Heroism           |       |       |       |     7 |     1 |     2 |       |     2 |     2 ||    14
       Finesse           |       |       |       |       |       |       |     1 |     1 |       ||     2
Evoke: Wand              |       |       |       |     3 |     2 |       |       |       |       ||     5
  Use: Scroll            |     4 |     5 |    11 |     8 |     9 |    12 |     8 |     8 |     7 ||    72
       Potion            |       |     6 |       |     5 |       |     3 |     5 |       |     3 ||    22
 Stab: Sleeping          |     7 |     3 |     8 |     7 |    12 |    22 |    18 |     8 |     5 ||    90
       Distracted        |       |       |       |     3 |     4 |     4 |     1 |     5 |     5 ||    22
       Held in net/web   |       |       |       |       |       |     4 |       |       |       ||     4
  Eat: Chunk             |     3 |    10 |     8 |    19 |    31 |    26 |    27 |    29 |     7 ||   160
       Ration            |       |       |     2 |     1 |     3 |     3 |     1 |     2 |     4 ||    16
Armor: Robe              |    10 |       |       |       |       |       |       |       |       ||    10
       Ring mail         |    16 |    52 |       |       |       |       |       |       |       ||    68
       Leather armour    |       |    41 |    41 |    46 |    46 |       |       |       |       ||   174
       Quicksilver drago |       |       |       |       |    40 |   154 |    63 |   100 |    67 ||   424
       Skin              |       |       |       |       |       |       |       |       |    19 ||    19
Dodge: Dodged            |    66 |   190 |    93 |   186 |   598 |   748 |   464 |   676 |   226 ||  3247
Block: Shield            |       |       |    39 |   378 |   994 |  1080 |    57 |       |       ||  2548
       Reflection        |       |       |       |    17 |    22 |    29 |   108 |   106 |    42 ||   324
       Large shield      |       |       |       |       |       |       |  1225 |  1509 |   497 ||  3231
